 Seeded DCSS version 0.31-a0-325-g067879e3d3 (webtiles) character file.

Game seed: 14215367866634240820 (custom seed)

4 innerfire43 the Trooper (level 1, -1/18 HPs)
             Began as a Demonspawn Monk on July 18, 2023.
             Slain by a quokka (2 damage)
             ... on level 1 of the Dungeon.
             The game lasted 00:00:18 (49 turns).

innerfire43 the Trooper (Demonspawn Monk)             Turns: 49, Time: 00:00:19

Health: -1/18      AC:  2    Str: 11    XL:     1   Next: 50%
Magic:  1/1        EV: 12    Int: 11    God:
Gold:   7          SH:  0    Dex: 15    Spells: 0/0 levels left

rFire   . . .        a - +0 hand axe
rCold   . . .        d - orb {light}
rNeg    . . .        b - +0 robe
rPois   .            (no helmet)
rElec   .            (no cloak)
rCorr   .            (no gloves)
SInv    .            (no boots)
Will    .....        (no amulet)
Stlth   +            (no ring)
HPRegen 0.23/turn    (no ring)
MPRegen 0.07/turn

%: no passive effects
@: glowing
A: no striking features
a: no special abilities


You were on level 1 of the Dungeon.
You visited 1 branch of the dungeon, and saw 1 of its levels.

You collected 7 gold pieces.

Inventory:

Hand Weapons
 a - a +0 hand axe (weapon)
Armour
 b - a +0 robe (worn)
 d - an orb of light (worn)
Scrolls
 e - a scroll of enchant weapon {unknown}
Potions
 c - a potion of ambrosia


   Skills:
 - Level 3.0 Fighting
 - Level 2.6 Axes
 - Level 2.6 Dodging
 * Level 0.5 Transmutations
 * Level 0.3 Shapeshifting


You couldn't memorise any spells.
You didn't know any spells.
Your spell library was empty.

Dungeon Overview and Level Annotations

Branches:
Dungeon (1/15)

Altars:


Message History

You slash the frilled lizard!
You kill the frilled lizard!
You hit the goblin.
You hear a bark!
A jackal comes into view.
The goblin closely misses you. The ball python closely misses you.
The ball python grabs you. The ball python constricts you.
A hobgoblin comes into view.
The ball python's grasp on you weakens, but your attempt to escape fails.
The ball python bites you but does no damage.
The ball python constricts you. The goblin barely misses you.
You escape the ball python's grasp.
The jackal barks!
A jackal comes into view.
A goblin comes into view. It is wielding a +0 club.
The goblin hits you with a +0 club.
Unknown command.
You barely miss the ball python. You hit the goblin.
The ball python barely misses you. The ball python grabs you.
The ball python constricts you. The goblin barely misses you.
You hit the ball python.
You kill the ball python!
You hit the goblin.
You kill the goblin!
The quokka barely misses you.
Unknown command.
The quokka bites you.
You see here a ball python corpse.
The quokka bites you. The hobgoblin hits you.
Unknown command.
You hit the hobgoblin.
The hobgoblin is moderately wounded.
You hit the quokka. You hit the jackal but do no damage.
The jackal bites you but does no damage.
The quokka misses you. The hobgoblin hits you.
* * * LOW HITPOINT WARNING * * *
The jackal bites you.
* * * LOW HITPOINT WARNING * * *
The quokka bites you.
You die...

#.# ............
#.##............ . #
#....~~~~≈~≈~~~~ .. #.
#....≈≈≈~≈≈≈≈≈≈≈ [. #.
#...(~~≈≈≈≈≈≈≈≈≈
###.#.###....~≈≈#+#'#≈≈≈
....g.h......~≈≈+(..##'#
.....hrh.....≈≈≈+...#...
P.....#@##...~≈≈#'#'#.##
P.... #g##....~≈≈≈#...#.
..P. ..##..⌠..~≈~'.⌠.'.
♣.. ...##..⌠..≈~≈'.⌠.'.
♣. ....##....~≈≈≈#...#.
. ##...##...~~≈#+###.##
#........≈≈≈+ +...
....#....~≈≈+ ##+#
.......~~≈#


You could see a quokka, 3 jackals, a hobgoblin and a goblin.

Vanquished Creatures
  A ball python (D:1)
  A goblin (D:1)
  A frilled lizard (D:1)
  A rat (D:1)
4 creatures vanquished.

Notes
Turn   | Place    | Note
-------+----------+-------------------------------------------
     0 | D:1      | innerfire43 the Demonspawn Monk began the quest for the
                  | Orb.
     0 | D:1      | Reached XP level 1. HP: 18/18 MP: 1/1
    49 | D:1      | Slain by a quokka

Illustrated notes

Levels and vault maps discovered:
D:1:      dpeg_arrival_castle, layout_basic, serial_forest,
          infiniplex_forest_straight_2, infiniplex_forest_straight_3,
          infiniplex_forest_clump_double, infiniplex_forest_lined_1,
          infiniplex_forest_clump_small, infiniplex_forest_straight_2,
          infiniplex_forest_lined_3_way

Action                     || total
---------------------------++-------
  Melee: Hand axe          ||     5
 Armour: Robe              ||     2
  Dodge: Dodged            ||     8

Table legend: (Time is in decaauts)
 A = Elapsed time spent in this place.
 B = Non-inter-level travel time spent in this place.
 C = Inter-level travel time spent in this place.
 D = Time resting spent in this place.
 E = Time spent auto-exploring this place.
 F = Levels seen in this place.
 G = Mean time per level.
                   A        B        C        D        E       F      G
               +--------+--------+--------+--------+--------+-----+--------+
         Total |     51 |     51 |      0 |      0 |     36 |   1 |   51.0 |
       Dungeon |     51 |     51 |      0 |      0 |     36 |   1 |   51.0 |
               +--------+--------+--------+--------+--------+-----+--------+

Top non-repeatable levels by time:
     D:1: 51 daAuts
